 Dungeon Crawl Stone Soup version 0.28.0-47-ge53b351184 (console) character file.

Game seed: 5165567156240573028

77 Faeu the Shield-Bearer (level 4, -4/41 HPs)
             Began as a Minotaur Fighter on May 2, 2022.
             Slain by Grinder (9 damage)
             ... on level 3 of the Dungeon.
             The game lasted 00:03:38 (2034 turns).

Faeu the Shield-Bearer (Minotaur Fighter)           Turns: 2034, Time: 00:03:39

Health: -4/41      AC:  9    Str: 22    XL:     4   Next: 13%
Magic:  3/3        EV: 13    Int:  5    God:
Gold:   87         SH:  4    Dex: 10    Spells: 3/3 levels left

rFire   . . .      SeeInvis .   a - +0 war axe {axe}
rCold   . . .      Faith    .   c - +0 buckler
rNeg    . . .      Spirit   .   b - +0 scale mail
rPois   .          Reflect  .   i - +2 hat
rElec   .          Harm     .   (no cloak)
rCorr   .          Rampage  .   (no gloves)
Will    .....                   (no boots)
Stlth   ..........              (no amulet)
HPRegen 0.13/turn               j - +4 ring of evasion
MPRegen 0.08/turn               (no ring)

@: no status effects
A: horns 2, retaliatory headbutt
a: no special abilities


You were on level 3 of the Dungeon.
You visited 1 branch of the dungeon, and saw 3 of its levels.

You collected 87 gold pieces.


Innate Abilities, Weirdness & Mutations

You have a pair of horns on your head.
You reflexively headbutt those who attack you in melee.


   Skills:
 + Level 4.3 Fighting
 + Level 3.3 Axes
 + Level 4.3 Armour
 + Level 4.4 Shields


You had 3 spell levels left.
You didn't know any spells.
Your spell library contained the following spells:

 Spells                   Type           Power      Damage    Failure   Level
 Shock                    Conj/Air       0%         1d3       87%         1
 Ensorcelled Hibernation  Hex/Ice        0%         N/A       95%         2
 Passwall                 Tmut/Erth      0%         N/A       95%         2
 Dazzling Flash           Conj/Hex       0%         N/A       99%         3
 Swiftness                Air            0%         N/A       99%         3
 Airstrike                Air            0%         N/A       100%        4
 Iskenderun's Mystic Bla  Conj/Tloc      0%         2d3       100%        4
 Starburst                Conj/Fire      0%         6d3       100%        6

Inventory:

Hand Weapons
 a - a +0 war axe (weapon) {axe}
 e - a +1 short sword of flaming {short}
   (You took it off a kobold on level 1 of the Dungeon)
Armour
 b - a +0 scale mail (worn)
 c - a +0 buckler (worn)
 i - a +2 hat (worn)
   (You found it on level 1 of the Dungeon)
Jewellery
 j - a +4 ring of evasion (left hand)
   (You found it on level 1 of the Dungeon)
 l - a ring of ice
   (You found it on level 1 of the Dungeon)
 n - an amulet of faith {!P}
   (You found it on level 2 of the Dungeon)
Scrolls
 f - a scroll of teleportation {unknown}
 h - 2 scrolls of identify {unknown}
 m - a scroll of enchant weapon {unknown}
Potions
 d - 2 potions of might
 g - 2 potions of curing {unknown}
 k - a potion of haste {unknown}

Dungeon Overview and Level Annotations

Branches:
Dungeon (3/15)

Altars:
Cheibriados

Annotations:
D:3 Grinder

#.........#######
#.#######.##....#
#.............#.#
##########.#####.#
.................# ###
...#######.####### #..
...#######.# #.. ........##.# #..
....###.##.####################..
.................5...............
.##.###.##.#####@##.###########.#
.##.# #.##.# #.##..# #.......#
.##.###.##.. ..###.# #.......#
.....##.##### #### .# #.......#
###..##.....# .# #......##
###..######.########.5#####'##...
†.........................>.##..<
.....######.#..........###..##...
####.######.#.########.###..##...
# #......#......# #..##..##... #
######.###.##.# #..##.......


You could see Grinder.


Message History

You add the spells Shock and Airstrike to your library.
You pick up a book of Spectacle and begin reading...
You add the spells Dazzling Flash, Iskenderun's Mystic Blast and Starburst to your library.
A rat comes into view.
You hit the rat.
You kill the rat!
A frilled lizard comes into view.
The frilled lizard hisses angrily.
You closely miss the frilled lizard. You headbutt the frilled lizard.
You kill the frilled lizard!
You now have 87 gold pieces (gained 13).
A ball python comes into view.
The ball python hisses angrily.
You hit the ball python. The ball python misses you. x2
You slash the ball python!
You kill the ball python! 😎 HP[+1]
You now have 41 max hp (+1).
There is a stone staircase leading up, spattered with blood here.
You see here a ball python corpse.
You see here 20 stones {throwing}.
You see here 20 stones {throwing}.
There is a stone staircase leading up, spattered with blood here.
You see here a ball python corpse.
You open the door. You open the door.
A dart slug comes into view.
A dart slug is nearby!
There is an open door here.
You slash the dart slug!
You kill the dart slug!
There is a stone staircase leading down here.
You open the door.
An endoplasm comes into view.
There is an open door here.
A quokka comes into view.
You slash the endoplasm!
You kill the endoplasm!
The quokka bites you. 😕 HP[-1]
You take 1 damage, and now have 40/41 hp.
You barely miss the quokka. The quokka closely misses you.
You closely miss the quokka. Your headbutt misses the quokka.
The quokka closely misses you. You furiously retaliate!
You headbutt the quokka!
You kill the quokka! 😎 HP[+1] Grinder comes into view.
Cleave: a) +0 war axe {axe}
Press: ? - help, Dir - move target, f - Grinder
Aim: Grinder (about 48% to evade your +0 war axe)
Your weapon can't reach that far!
Okay, then.
Unknown command.
Grinder blinks!
Grinder blinks!
You barely miss Grinder. You headbutt Grinder! Grinder barely misses you.
You hit Grinder. Grinder hits you but does no damage. Grinder misses you.
You barely miss Grinder. Grinder gestures at you.
You suddenly lose the ability to move!
Grinder hits you.
You writhe in agony.
Grinder hits you.
You writhe in agony.
Grinder hits you!
* * * LOW HITPOINT WARNING * * *
You writhe in agony.
* * * LOW HITPOINT WARNING * * *
Grinder hits you but does no damage. Grinder gestures at you.
You shrug off the repeated paralysis!
You can move again. 😨 HP[-24]
You take 24 damage, and now have 17/41 hp.
MASSIVE DAMAGE!! (PAUSE) Unknown command.
You closely miss Grinder. Your headbutt misses Grinder.
You block Grinder's attack. Grinder hits you but does no damage.
You closely miss Grinder. Grinder hits you.
* * * LOW HITPOINT WARNING * * *
You writhe in agony.
* * * LOW HITPOINT WARNING * * *
😱 HP[-7]
You take 7 damage, and now have 10/41 hp.
You hit Grinder. Grinder closely misses you. Grinder barely misses you.
You furiously retaliate!
You headbutt Grinder. You barely miss Grinder. Grinder gestures at you.
You resist with significant effort.
You barely miss Grinder. Grinder closely misses you.
You hit Grinder. Your headbutt misses Grinder. Grinder barely misses you.
Grinder hits you.
* * * LOW HITPOINT WARNING * * *
You writhe in agony.
* * * LOW HITPOINT WARNING * * *
😱 HP[-5]
You take 5 damage, and now have 5/41 hp.
You barely miss Grinder. Grinder hits you but does no damage.
You slash Grinder! Your headbutt misses Grinder. Grinder barely misses you.
Grinder hits you!
You die...

Skill      XL: |  1  2  3 |
---------------+----------+-----
Fighting       | 4 |  4.3
Armour         | 4 |  4.3
Shields        | 4 |  4.4
Axes           | 3 |  3.3

Action                   |  1- 3 |  4- 6 || total
-------------------------+-------+-------++-------
Melee: War axe           |    71 |    19 ||    90
       Headbutt          |     7 |     2 ||     9
Armor: Scale mail        |    29 |     4 ||    33
Dodge: Dodged            |    56 |    11 ||    67
Block: Buckler           |    18 |     1 ||    19

Levels and vault maps discovered:
D:1:      moated_graveyard_arrival, layout_basic, serial_bayou_lake_a
D:2:      minmay_diamond_boxcup, layout_rooms, basic_ecumenical_altar,
          basic_altar, grunt_decor_junction, moated_statue
D:3:      layout_basic, minmay_three_crescents, uniq_grinder

Notes
Turn   | Place    | Note
-------+----------+-------------------------------------------
     0 | D:1      | Faeu the Minotaur Fighter began the quest for the Orb.
     0 | D:1      | Reached XP level 1. HP: 19/19 MP: 0/0
     0 | D:1      | magus.rc [v1.9.6]
   444 | D:1      | Reached XP level 2. HP: 20/27 MP: 1/1
   849 | D:1      | Reached skill level 4 in Fighting
   849 | D:1      | Reached skill level 4 in Armour
   849 | D:1      | Reached skill level 4 in Shields
  1091 | D:2      | Found a snail-covered altar of Cheibriados.
  1291 | D:2      | Reached XP level 3. HP: 30/33 MP: 2/2
  1353 | D:2      | Reached skill level 3 in Axes
  1370 | D:2      | Found a faded altar of an unknown god.
  1589 | D:2      | You pick up a book of Burglary and begin reading...
  1589 | D:2      | You add the spells Passwall, Ensorcelled Hibernation and
                  | Swiftness to your library.
  1737 | D:3      | Reached XP level 4. HP: 38/40 MP: 3/3
  1770 | D:3      | You pick up a book of Air and begin reading...
  1770 | D:3      | You add the spells Shock and Airstrike to your library.
  1789 | D:3      | You pick up a book of Spectacle and begin reading...
  1789 | D:3      | You add the spells Dazzling Flash, Iskenderun's Mystic
                  | Blast and Starburst to your library.
  2007 | D:3      | Noticed Grinder
  2021 | D:3      | Paralysed by Grinder for 6 turns
  2028 | D:3      | HP: 10/41 [Grinder (4)]
  2034 | D:3      | Slain by Grinder

Vanquished Creatures
  An orc wizard (D:3)
  2 dart slugs
  2 orcs (D:3)
  4 bats
  4 endoplasms
  4 goblins
  4 hobgoblins
  2 quokkas
  11 ball pythons
  3 frilled lizards
  5 kobolds
  4 rats
46 creatures vanquished.

Vanquished Creatures (others)
  A plant (D:1)
1 creature vanquished.

Grand Total: 47 creatures vanquished

Table legend:
 A = Non-vault XP
 B = Vault XP
 C = Vault XP percentage of total XP
 D = Non-vault monster count
 E = Vault monster count
 F = Vault count percentage of total count
                 A         B        C        D         E       F
            +---------+---------+-------+---------+---------+-------
      Total |     100 |      10 |   9.1 |      38 |       8 |  17.4
            +---------+---------+-------+---------+---------+-------
        D:1 |      29 |       0 |   0.0 |      18 |       0 |   0.0
        D:2 |      18 |      10 |  35.7 |      10 |       8 |  44.4
        D:3 |      53 |       0 |   0.0 |      10 |       0 |   0.0
            +---------+---------+-------+---------+---------+-------

Illustrated notes

Table legend:
 A = Kills in this place as a percentage of kills in entire the game.
 B = Kills by you in this place as a percentage of kills by you in the entire game.
 C = Kills by friends in this place as a percentage of kills by friends in the entire game.
 D = Other kills in this place as a percentage of other kills in the entire game.
 E = Experience gained in this place as a percentage of experience gained in the entire game.
 F = Experience gained in this place divided by the number of levels of this place that you have seen.
                   A       B       C       D       E      F
               +-------+-------+-------+-------+-------+----------------------
         Total | 100.0 | 100.0 |   N/A |   N/A | 100.0 |  36.7
       Dungeon | 100.0 | 100.0 |   N/A |   N/A | 100.0 |  36.7
               +-------+-------+-------+-------+-------+----------------------

Table legend: (Time is in decaauts)
 A = Elapsed time spent in this place.
 B = Non-inter-level travel time spent in this place.
 C = Inter-level travel time spent in this place.
 D = Time resting spent in this place.
 E = Time spent auto-exploring this place.
 F = Levels seen in this place.
 G = Mean time per level.
                   A        B        C        D        E       F      G
               +--------+--------+--------+--------+--------+-----+--------+
         Total |   2111 |   2046 |     65 |      0 |   1638 |   3 |  703.7 |
       Dungeon |   2111 |   2046 |     65 |      0 |   1638 |   3 |  703.7 |
               +--------+--------+--------+--------+--------+-----+--------+

Top non-repeatable levels by time:
     D:1: 1123 daAuts
     D:2: 617 daAuts
     D:3: 370 daAuts
